 Dungeon Crawl Stone Soup version 0.32-a0-900-g30fb1b0 (webtiles) character file.

Game seed: 13421339354574924551

2107 Dorkslayer the Cleaver (level 9, -1/75 HPs)
             Began as a Mountain Dwarf Fighter on Apr 5, 2024.
             Slain by Joseph
             ... wielding a +0 quarterstaff
              (7 damage)
             ... on level 7 of the Dungeon.
             The game lasted 00:14:52 (3644 turns).

Dorkslayer the Cleaver (Mountain Dwarf Fighter)     Turns: 3644, Time: 00:14:52

Health: -1/75      AC:  8    Str: 23    XL:     9   Next: 7%
Magic:  9/9        EV:  8    Int:  9    God:
Gold:   306        SH:  4    Dex:  9    Spells: 8/8 levels left

rFire   . . .        j - +6 war axe of a sewer {flame, Stlth+}
rCold   . . .        c - +0 buckler
rNeg    . . .        d - +0 chain mail
rPois   .            h - +0 helmet
rElec   .            u - +0 cloak
rCorr   .            (no gloves)
SInv    .            (no boots)
Will    .....        q - amulet of regeneration Stlth
                     (no ring)
HPRegen 1.12/turn    (no ring)
MPRegen 0.11/turn

%: no passive effects
@: corroded
A: runic magic, artefact enchanting
a: no special abilities


You were on level 7 of the Dungeon.
You visited 1 branch of the dungeon, and saw 7 of its levels.

You collected 306 gold pieces.

Inventory:

Hand Weapons
 a - a +2 war axe of flaming
 i - a +0 war axe of draining
 j - the +6 war axe of a sewer (weapon) {flame, Stlth+}
   (You found it on level 6 of the Dungeon)

   Stlth+:    It makes you more stealthy.
Missiles
 o - 9 boomerangs (quivered)
Armour
 c - a +0 buckler (worn)
 d - a +0 chain mail (worn)
 h - a +0 helmet (worn)
 u - a +0 cloak (worn)
Jewellery
 q - an amulet of regeneration (around neck)
Scrolls
 b - a scroll of poison
 e - 3 scrolls of blinking
 k - 2 scrolls of fog
 m - 4 scrolls of identify
 n - a scroll of revelation
 p - a scroll of silence
 r - a scroll of amnesia
Potions
 g - a potion of resistance
 l - a potion of brilliance
 s - a potion of enlightenment


   Skills:
 + Level 6.1 Fighting
 + Level 9.0 Axes
 + Level 0.4 Throwing
 + Level 5.9 Armour
 + Level 2.4 Dodging
 + Level 0.1 Stealth
 + Level 4.7 Shields
 * Level 5.1 Evocations


You had 8 spell levels left.
You didn't know any spells.
Your spell library contained the following spells:

 Spells                   Type           Power      Damage    Failure   Level
 Cigotuvi's Dreadful Rot  Necr/Alch/Air  0%         N/A       73%         2
 Hailstorm                Conj/Ice       0%         3d5       91%         3
 Stone Arrow              Conj/Erth      0%         3d7       91%         3
 Summon Ice Beast         Ice/Summ       0%         N/A       91%         3
 Animate Armour           Summ/Erth      0%         N/A       100%        4
 Ignite Poison            Fire/Alch      0%         N/A       100%        4
 Leda's Liquefaction      Alch/Erth      0%         N/A       100%        4
 Petrify                  Alch/Erth      0%         N/A       100%        4
 Freezing Cloud           Conj/Ice/Air   0%         6-21      100%        5
 Metabolic Englaciation   Hex/Ice        0%         N/A       100%        5
 Permafrost Eruption      Ice/Erth       0%         2x4d1     100%        6
 Sculpt Simulacrum        Ice/Alch       0%         N/A       100%        6
 Lehudib's Crystal Spear  Conj/Erth      0%         10d2      100%        8


Dungeon Overview and Level Annotations

Branches:
Dungeon (7/15)
 Temple: D:4-7

Altars:
Fedhas
Makhleb
Nemelex Xobeh
Ru
Uskayaw
Wu Jian

Annotations:
D:7 Joseph


Innate Abilities, Weirdness & Mutations

Your spellcasting is much less encumbered by armour.
You can use scrolls of enchantment on lesser artefacts.


Message History

Okay, then.
It was a potion of ambrosia.
You are confused.
You feel invigorated.
The white imp hits you but does no damage.
The orc hits you but does no damage. Joseph hits you with a +0 quarterstaff.
* * * LOW HITPOINT WARNING * * *
You slash Joseph! You burn Joseph.
Joseph is heavily wounded.
You barely miss the white imp. The white imp gestures at you.
The puff of frost hits you.
* * * LOW HITPOINT WARNING * * *
The orc hits you but does no damage. Joseph hits you with a +0 quarterstaff!
* * * LOW HITPOINT WARNING * * *
You bump into the rock wall.
The white imp hits you but does no damage.
The orc hits you but does no damage. Joseph hits you with a +0 quarterstaff!
* * * LOW HITPOINT WARNING * * *
Unknown command.
You bump into the rock wall.
The white imp gestures at you. The puff of frost hits you.
* * * LOW HITPOINT WARNING * * *
The orc hits you but does no damage. Joseph hits you with a +0 quarterstaff.
* * * LOW HITPOINT WARNING * * *
Unknown command.
You slash Joseph! You burn Joseph.
Joseph is severely wounded.
You hit the white imp. You burn the white imp.
You feel less invigorated.
You feel less confused. The white imp barely misses you.
The orc hits you but does no damage. Joseph hits you with a +0 quarterstaff.
* * * LOW HITPOINT WARNING * * *
Okay, then.
You barely miss Joseph.
Joseph is severely wounded.
You completely miss the white imp. The white imp closely misses you.
The orc barely misses you. Joseph hits you with a +0 quarterstaff!
You die...

### .###
#..####...###
#....#....... ..
.#.....D.
#.#.........
..#........
#.#.?......
#.#........
#@5........
#@.#.......
......o..(.......
.....##.#........
[... .......#...
... .###......#.
.. .. ....##. . .
....# ..#


You could see Joseph, a white imp and an orc.

Vanquished Creatures
  Eustachio (D:5)
  An acid dragon (D:7)
  2 ice beasts (D:5)
  3 ogres
  A centaur (D:5)
  A phantom (D:4)
  3 wights (D:6)
  4 howler monkeys
  2 bombardier beetles
  4 hounds
  2 jellies
  A gnoll bouda (D:4)
  3 orc priests
  2 sleepcaps (D:5)
  4 iguanas (D:5)
  2 orc wizards
  8 gnolls
  An adder (D:5)
  10 river rats (D:6)
  A shadow imp (D:6)
  A white imp (D:5)
  2 ufetubi (D:6)
  6 dart slugs
  5 ribbon worms
  23 orcs
  10 ball pythons
  11 bats
  5 endoplasms
  2 giant cockroaches
  6 goblins
  3 hobgoblins
  5 jackals
  10 kobolds
  9 quokkas
  2 frilled lizards
  21 rats
177 creatures vanquished.

Notes
Turn   | Place    | Note
-------+----------+-------------------------------------------
     0 | D:1      | Dorkslayer the Mountain Dwarf Fighter began the quest for
                  | the Orb.
     0 | D:1      | Reached XP level 1. HP: 19/19 MP: 1/1
   109 | D:1      | Reached XP level 2. HP: 22/26 MP: 2/2
   251 | D:1      | Found a faded altar of an unknown god.
   318 | D:1      | Reached XP level 3. HP: 30/33 MP: 3/3
   346 | D:1      | Reached skill level 3 in Axes
   950 | D:2      | You fall into a shaft and drop 1 floor!
  1236 | D:3      | Reached XP level 4. HP: 40/40 MP: 4/4
  1290 | D:3      | Reached skill level 1 in Dodging
  1360 | D:3      | Found an ornate altar of the Wu Jian Council.
  1411 | D:3      | Reached skill level 4 in Axes
  1627 | D:4      | Noticed an ogre
  1638 | D:4      | Killed an ogre
  1639 | D:4      | Reached XP level 5. HP: 29/46 MP: 5/5
  1875 | D:4      | Reached XP level 6. HP: 33/53 MP: 6/6
  1934 | D:4      | Reached skill level 5 in Axes
  1957 | D:4      | Reached skill level 1 in Evocations
  2373 | D:5      | Entered Level 5 of the Dungeon
  2403 | D:5      | Reached XP level 7. HP: 60/60 MP: 7/7
  2511 | D:5      | Reached skill level 6 in Axes
  2720 | D:5      | Noticed Eustachio
  2733 | D:5      | Reached skill level 5 in Armour
  2749 | D:5      | Killed Eustachio
  2750 | D:5      | Reached skill level 5 in Fighting
  2750 | D:5      | Reached skill level 7 in Axes
  2750 | D:5      | Reached XP level 8. HP: 43/68 MP: 8/8
  2899 | D:5      | Found a sparkling altar of Nemelex Xobeh.
  3023 | D:6      | Found a blossoming altar of Fedhas.
  3027 | D:6      | Found a hide-covered altar of Uskayaw.
  3032 | D:6      | Found a sacrificial altar of Ru.
  3034 | D:6      | Found a burning altar of Makhleb.
  3127 | D:6      | Reached skill level 8 in Axes
  3259 | D:6      | Identified the +6 war axe of a sewer {flame, Stlth+}
  3345 | D:6      | Reached skill level 5 in Evocations
  3624 | D:7      | Noticed Joseph
  3626 | D:7      | Reached XP level 9. HP: 42/75 MP: 9/9
  3634 | D:7      | Reached skill level 9 in Axes
  3641 | D:7      | HP: 1/75 [Joseph/+0 quarterstaff (15)]
  3644 | D:7      | Slain by Joseph

Illustrated notes

Levels and vault maps discovered:
D:1:      giann_wishing_wells, layout_rooms, chequers_ecumenical_altar_lobes,
          nicolae_figureground_sparkle
D:2:      layout_rooms
D:3:      layout_rooms, nzn_wu_jian_contemplation, serial_curves,
          eino_curves_02, eino_curves_01, minmay_checkerbox
D:4:      layout_basic, nrook_campfire, minmay_misc_feat_plants,
          kennysheep_generic_room_8
D:5:      layout_layer_cave, mainiacjoe_overflow_alcove_1, hellmonk_no_cap,
          uniq_eustachio
D:6:      lemuel_ratsnest, layout_rooms, nicolae_overflow_macrodata_refinement,
          kennysheep_generic_room_3
D:7:      layout_rooms, minmay_temple_entry_butterflies,
          nicolae_shop_i_like_big_books, nicolae_sextant, uniq_joseph

Skill      XL: |  1  2  3  4  5  6  7  8  9 |
---------------+----------------------------+-----
Axes           | 3 4 5 7 8 9 |  9.0
Fighting       | 4 5 6 |  6.1
Dodging        | 1 2 |  2.4
Armour         | 4 5 |  5.9
Shields        | 4 |  4.7
Evocations     | 2 3 5 |  5.1
Throwing       | |  0.4
Stealth        | |  0.1

Action                     |  1- 3 |  4- 6 |  7- 9 || total
---------------------------+-------+-------+-------++-------
  Melee: War axe           |   164 |   165 |   197 ||   526
  Throw: Boomerang         |       |     1 |    11 ||    12
  Evoke: Wand              |       |     2 |       ||     2
    Use: Scroll            |     6 |    11 |     1 ||    18
         Potion            |       |     3 |     5 ||     8
 Armour: Scale mail        |   185 |   151 |       ||   336
         Chain mail        |       |    29 |   185 ||   214
  Dodge: Dodged            |    92 |    84 |    73 ||   249
  Block: Buckler           |    53 |    40 |    46 ||   139

Table legend: (Time is in decaauts)
 A = Elapsed time spent in this place.
 B = Non-inter-level travel time spent in this place.
 C = Inter-level travel time spent in this place.
 D = Time resting spent in this place.
 E = Time spent auto-exploring this place.
 F = Levels seen in this place.
 G = Mean time per level.
                   A        B        C        D        E       F      G
               +--------+--------+--------+--------+--------+-----+--------+
         Total |   3804 |   3804 |      0 |      0 |   1586 |   7 |  543.4 |
       Dungeon |   3804 |   3804 |      0 |      0 |   1586 |   7 |  543.4 |
               +--------+--------+--------+--------+--------+-----+--------+

Top non-repeatable levels by time:
     D:4: 810 daAuts
     D:6: 649 daAuts
     D:2: 639 daAuts
     D:5: 625 daAuts
     D:1: 609 daAuts
     D:3: 432 daAuts
     D:7: 37 daAuts
